[ AOE2 MATCH · #495943840 ]
UnrankedMalians vs Teutons
Player's team · WIN
Rival team · LOSS
[ REPLAY ANALYSIS · EXTRACTED FROM THE RECORDED GAME ]
Feudal
8:51
Castle
20:15
Imperial
40:37
| APM avg | 63.2 |
| APM peak | 99 |
| eAPM avg | 34.0 |
| Villagers / military | 176 / 214 |
Focus
⚔️ 38.0% · 🌾 62.0%
Camel Scout ×113 · Knight ×40 · Archer ×23 · Gbeto ×18 · Trebuchet (Packed) ×9 · Monk ×6
Feudal
11:24
Castle
18:37
Imperial
41:21
| APM avg | 57.3 |
| APM peak | 85 |
| eAPM avg | 33.5 |
| Villagers / military | 177 / 161 |
Focus
⚔️ 49.6% · 🌾 50.4%
Knight ×44 · Hand Cannoneer ×41 · Spearman ×26 · Skirmisher ×22 · Teutonic Knight ×7 · Trebuchet (Packed) ×6
Match map
Initial resources + every placement click. Lines = walls · curves = elevation contours. ◆ gold · ⬟ stone · ● berries · ✦ relic · ◌ wall gap
Your base· ✓ Closed at 20:15 · 51t walls · 5 gate(s)
RIONELL's base· ✓ Closed at 18:37 · 50t walls · no gate
Smoothed initial terrain · ◌ = detected wall gap · hover for details
Inputs per minute
— UX - - RIONELL
Build order — UX
First 150 of 584 actions detected
| 0:00 | Queue | Villager (Male) ×4 |
| 0:02 | Build | House |
| 0:03 | Build | House |
| 1:32 | Queue | Villager (Male) |
| 1:42 | Build | Mill |
| 2:03 | Queue | Villager (Male) |
| 2:28 | Queue | Villager (Male) |
| 2:29 | Queue | Villager (Male) |
| 2:51 | Queue | Villager (Male) |
| 3:21 | Queue | Villager (Male) |
| 3:32 | Queue | Villager (Male) |
| 3:42 | Build | House |
| 3:52 | Queue | Villager (Male) |
| 4:29 | Queue | Villager (Male) |
| 4:32 | Queue | Villager (Male) |
| 5:08 | Queue | Villager (Male) |
| 5:18 | Build | Lumber Camp |
| 5:30 | Queue | Villager (Male) |
| 5:30 | Research | Loom |
| 5:43 | Queue | Villager (Male) |
| 5:54 | Research | Loom |
| 6:38 | Research | Feudal Age |
| 6:38 | Research | Feudal Age |
| 7:07 | Build | House |
| 7:14 | Build | House |
| 7:16 | Build | Palisade Wall |
| 7:16 | Build | Palisade Wall |
| 7:17 | Build | Palisade Wall |
| 7:19 | Build | Palisade Wall |
| 7:23 | Build | Palisade Wall |
| 7:25 | Build | Palisade Wall |
| 7:26 | Build | Palisade Wall |
| 7:27 | Build | Palisade Wall |
| 7:51 | Build | Palisade Wall |
| 7:51 | Build | Palisade Wall |
| 8:07 | Build | Mining Camp |
| 8:08 | Queue | Villager (Male) |
| 8:21 | Build | Mining Camp |
| 8:39 | Build | Palisade Wall |
| 8:42 | Queue | Villager (Male) |
| 8:51 | Age | Feudal Age |
| 8:53 | Build | Barracks |
| 8:57 | Build | Barracks |
| 9:06 | Queue | Villager (Male) |
| 9:12 | Build | Palisade Wall |
| 9:15 | Build | Palisade Wall |
| 9:15 | Queue | Villager (Male) |
| 9:20 | Research | Double-Bit Axe |
| 9:21 | Queue | Villager (Male) |
| 9:39 | Queue | Villager (Male) |
| 10:03 | Queue | Villager (Male) |
| 10:10 | Build | Archery Range |
| 10:28 | Build | Mill |
| 10:35 | Queue | Villager (Male) |
| 10:40 | Build | Palisade Wall |
| 10:42 | Build | Palisade Wall |
| 10:48 | Queue | Archer |
| 10:50 | Build | Farm |
| 10:51 | Build | Farm |
| 10:59 | Build | House |
| 11:16 | Build | Farm |
| 11:18 | Build | Farm |
| 11:34 | Queue | Archer |
| 11:44 | Build | Palisade Gate |
| 11:53 | Build | Farm |
| 11:54 | Queue | Archer |
| 11:54 | Queue | Villager (Male) |
| 12:10 | Build | House |
| 12:22 | Queue | Archer |
| 12:23 | Queue | Villager (Male) |
| 12:29 | Build | Palisade Wall |
| 12:42 | Build | House |
| 12:52 | Build | Farm |
| 12:58 | Queue | Spearman |
| 13:08 | Queue | Archer |
| 13:09 | Queue | Villager (Male) |
| 13:11 | Build | House |
| 13:14 | Build | Palisade Wall |
| 13:20 | Build | Palisade Wall |
| 13:23 | Build | Farm |
| 13:29 | Build | Farm |
| 13:29 | Queue | Villager (Male) |
| 13:45 | Queue | Villager (Male) |
| 13:46 | Queue | Archer |
| 14:10 | Build | Palisade Wall |
| 14:11 | Build | Palisade Wall |
| 14:11 | Queue | Villager (Male) |
| 14:18 | Build | Blacksmith |
| 14:21 | Queue | Archer |
| 14:23 | Queue | Spearman |
| 14:34 | Build | Palisade Wall |
| 14:35 | Build | Palisade Wall |
| 14:50 | Build | Farm |
| 14:52 | Queue | Archer |
| 14:54 | Queue | Villager (Male) |
| 15:05 | Research | Fletching |
| 15:14 | Queue | Archer |
| 15:18 | Build | House |
| 15:28 | Build | Palisade Wall |
| 15:32 | Build | Palisade Gate |
| 15:33 | Queue | Villager (Male) |
| 15:45 | Build | Farm |
| 15:45 | Build | Farm |
| 15:54 | Queue | Villager (Male) |
| 15:57 | Queue | Archer |
| 16:07 | Queue | Villager (Male) |
| 16:20 | Queue | Villager (Male) |
| 16:23 | Build | Farm |
| 17:16 | Queue | Archer |
| 17:20 | Build | House |
| 17:25 | Build | House |
| 17:26 | Build | House |
| 17:27 | Build | House |
| 17:35 | Research | Castle Age |
| 17:36 | Research | Castle Age |
| 17:43 | Build | Archery Range |
| 18:03 | Build | Farm |
| 18:04 | Build | Farm |
| 18:13 | Build | Palisade Wall |
| 18:19 | Build | Palisade Wall |
| 18:21 | Queue | Archer |
| 18:35 | Research | Padded Archer Armor |
| 18:35 | Queue | Archer |
| 19:05 | Build | House |
| 19:06 | Build | Palisade Wall |
| 19:14 | Build | Palisade Gate |
| 19:16 | Build | Palisade Gate |
| 19:28 | Build | Palisade Gate |
| 19:30 | Build | Palisade Gate |
| 19:44 | Queue | Archer |
| 19:44 | Queue | Archer |
| 19:47 | Build | Stable |
| 19:52 | Research | Scale Barding Armor |
| 19:55 | Research | Horse Collar |
| 19:56 | Queue | Villager (Male) |
| 20:03 | Research | Gold Mining |
| 20:11 | Build | House |
| 20:12 | Build | House |
| 20:13 | Build | House |
| 20:14 | Build | House |
| 20:15 | Age | Castle Age |
| 20:18 | Research | Crossbowman (upgrade) |
| 20:37 | Queue | Camel Scout |
| 20:38 | Build | Farm |
| 20:39 | Build | Farm |
| 20:41 | Research | Bodkin Arrow |
| 20:43 | Queue | Villager (Male) |
| 20:43 | Build | Farm |
| 20:50 | Build | Farm |
| 20:53 | Build | House |
Build order — RIONELL
First 150 of 571 actions detected
| 0:00 | Queue | Villager (Male) |
| 0:02 | Build | House |
| 0:03 | Build | House |
| 0:06 | Queue | Villager (Male) |
| 0:08 | Queue | Villager (Male) |
| 0:24 | Queue | Villager (Male) |
| 1:25 | Queue | Villager (Male) |
| 1:49 | Build | Lumber Camp |
| 2:07 | Queue | Villager (Male) |
| 2:20 | Queue | Villager (Male) |
| 2:52 | Queue | Villager (Male) |
| 3:12 | Queue | Villager (Male) |
| 3:40 | Queue | Villager (Male) |
| 3:51 | Build | House |
| 3:54 | Build | House |
| 4:05 | Queue | Villager (Male) |
| 4:26 | Queue | Villager (Male) |
| 4:30 | Queue | Villager (Male) |
| 4:49 | Queue | Villager (Male) |
| 5:10 | Queue | Villager (Male) |
| 5:14 | Build | Barracks |
| 5:17 | Build | Barracks |
| 5:31 | Queue | Villager (Male) |
| 5:53 | Queue | Villager (Male) |
| 6:09 | Build | Mill |
| 6:15 | Queue | Militia |
| 6:15 | Queue | Militia |
| 6:20 | Queue | Villager (Male) |
| 6:38 | Queue | Militia |
| 6:55 | Build | Palisade Wall |
| 6:58 | Queue | Villager (Male) |
| 7:00 | Build | House |
| 7:08 | Build | Farm |
| 7:13 | Queue | Villager (Male) |
| 7:23 | Queue | Villager (Male) |
| 7:30 | Queue | Villager (Male) |
| 7:39 | Build | Farm |
| 7:41 | Build | Farm |
| 7:49 | Research | Loom |
| 8:09 | Build | House |
| 8:10 | Build | House |
| 8:21 | Queue | Villager (Male) |
| 8:29 | Queue | Villager (Male) |
| 8:42 | Build | Palisade Wall |
| 9:14 | Research | Feudal Age |
| 9:17 | Build | Lumber Camp |
| 9:21 | Build | Palisade Wall |
| 9:40 | Build | Palisade Wall |
| 10:11 | Queue | Villager (Male) |
| 10:19 | Build | Palisade Wall |
| 10:20 | Build | Palisade Wall |
| 10:26 | Queue | Villager (Male) |
| 10:30 | Build | House |
| 10:34 | Build | House |
| 10:55 | Queue | Villager (Male) |
| 10:57 | Build | Farm |
| 10:59 | Build | Farm |
| 11:24 | Age | Feudal Age |
| 11:31 | Build | Stable |
| 11:40 | Build | Stable |
| 11:45 | Build | Palisade Wall |
| 11:47 | Research | Double-Bit Axe |
| 11:50 | Build | Palisade Wall |
| 11:51 | Build | Palisade Wall |
| 11:57 | Build | Farm |
| 12:07 | Build | Farm |
| 12:10 | Build | Farm |
| 12:13 | Build | Farm |
| 12:14 | Queue | Villager (Male) |
| 12:22 | Build | Farm |
| 12:24 | Queue | Scout Cavalry |
| 12:25 | Queue | Scout Cavalry |
| 12:44 | Queue | Villager (Male) |
| 13:05 | Build | Mining Camp |
| 13:07 | Queue | Villager (Male) |
| 13:16 | Queue | Scout Cavalry |
| 13:32 | Queue | Villager (Male) |
| 13:35 | Build | Farm |
| 13:49 | Build | Blacksmith |
| 13:51 | Build | House |
| 13:52 | Build | House |
| 13:57 | Build | House |
| 13:58 | Build | Palisade Wall |
| 14:18 | Queue | Villager (Male) |
| 14:46 | Queue | Villager (Male) |
| 14:55 | Build | Farm |
| 15:14 | Queue | Villager (Male) |
| 15:33 | Build | Mill |
| 15:51 | Build | Stable |
| 15:57 | Research | Castle Age |
| 16:23 | Build | Stable |
| 16:58 | Research | Gold Mining |
| 17:25 | Research | Scale Barding Armor |
| 17:32 | Research | Bloodlines |
| 17:39 | Build | House |
| 17:46 | Research | Scale Barding Armor |
| 18:01 | Research | Horse Collar |
| 18:26 | Build | Farm |
| 18:31 | Build | Farm |
| 18:37 | Age | Castle Age |
| 18:38 | Queue | Knight |
| 18:39 | Queue | Knight |
| 18:39 | Queue | Knight |
| 18:52 | Queue | Villager (Male) |
| 19:15 | Queue | Knight |
| 19:15 | Queue | Knight |
| 19:15 | Queue | Knight |
| 19:28 | Queue | Villager (Male) |
| 19:33 | Build | Town Center |
| 19:47 | Queue | Knight |
| 19:56 | Queue | Villager (Male) |
| 19:57 | Queue | Knight |
| 20:00 | Queue | Knight |
| 20:12 | Build | Farm |
| 20:13 | Build | Farm |
| 20:36 | Queue | Villager (Male) |
| 20:46 | Queue | Knight |
| 20:56 | Queue | Villager (Male) |
| 20:58 | Queue | Villager (Male) |
| 20:58 | Queue | Villager (Male) |
| 21:00 | Build | Farm |
| 21:10 | Build | House |
| 21:15 | Queue | Villager (Male) |
| 21:29 | Queue | Villager (Male) |
| 21:32 | Build | Farm |
| 21:36 | Build | Farm |
| 21:38 | Build | Farm |
| 21:39 | Build | Farm |
| 21:40 | Build | Farm |
| 21:44 | Queue | Villager (Male) |
| 21:55 | Queue | Villager (Male) |
| 22:05 | Build | Farm |
| 22:05 | Build | Farm |
| 22:08 | Research | Bow Saw |
| 22:25 | Research | Wheelbarrow |
| 22:34 | Research | Chain Barding Armor |
| 22:44 | Build | Town Center |
| 22:48 | Build | House |
| 22:51 | Queue | Knight |
| 22:51 | Queue | Knight |
| 23:07 | Queue | Villager (Male) |
| 23:25 | Queue | Villager (Male) |
| 23:50 | Queue | Villager (Male) |
| 23:54 | Queue | Villager (Male) |
| 24:02 | Queue | Villager (Male) |
| 24:07 | Build | Monastery |
| 24:12 | Queue | Villager (Male) |
| 24:13 | Queue | Villager (Male) |
| 24:17 | Queue | Villager (Male) |
| 24:35 | Build | Siege Workshop |
Match timeline
| 5:14 | RIONELL · first_building Barracks |
| 6:55 | RIONELL · wall_segment Palisade Wall x3 |
| 7:16 | UX · wall_segment Palisade Wall x1 |
| 7:16 | UX · wall_segment Palisade Wall x1 |
| 7:17 | UX · wall_segment Palisade Wall x1 |
| 7:19 | UX · wall_segment Palisade Wall x1 |
| 7:23 | UX · wall_segment Palisade Wall x1 |
| 7:25 | UX · wall_segment Palisade Wall x1 |
| 7:26 | UX · wall_segment Palisade Wall x1 |
| 7:27 | UX · wall_segment Palisade Wall x1 |
| 7:51 | UX · wall_segment Palisade Wall x1 |
| 7:51 | UX · wall_segment Palisade Wall x1 |
| 8:39 | UX · wall_segment Palisade Wall x1 |
| 8:42 | RIONELL · wall_segment Palisade Wall x8 |
| 8:51 | UX · age_up feudal |
| 8:53 | UX · first_building Barracks |
| 9:12 | UX · wall_segment Palisade Wall x1 |
| 9:15 | UX · wall_segment Palisade Wall x1 |
| 9:21 | RIONELL · wall_segment Palisade Wall x6 |
| 9:40 | RIONELL · wall_segment Palisade Wall x5 |
| 10:10 | UX · first_building Archery Range |
| 10:19 | RIONELL · wall_segment Palisade Wall x11 |
| 10:20 | RIONELL · wall_segment Palisade Wall x3 |
| 10:40 | UX · wall_segment Palisade Wall x1 |
| 10:42 | UX · wall_segment Palisade Wall x1 |
| 11:24 | RIONELL · age_up feudal |
| 11:31 | RIONELL · first_building Stable |
| 11:45 | RIONELL · wall_segment Palisade Wall x9 |
| 11:50 | RIONELL · wall_segment Palisade Wall x1 |
| 11:51 | RIONELL · wall_segment Palisade Wall x1 |
| 12:29 | UX · wall_segment Palisade Wall x1 |
| 13:14 | UX · wall_segment Palisade Wall x2 |
| 13:20 | UX · wall_segment Palisade Wall x9 |
| 13:58 | RIONELL · wall_segment Palisade Wall x8 |
| 14:10 | UX · wall_segment Palisade Wall x1 |
| 14:11 | UX · wall_segment Palisade Wall x1 |
| 14:34 | UX · wall_segment Palisade Wall x1 |
| 14:35 | UX · wall_segment Palisade Wall x1 |
| 15:28 | UX · wall_segment Palisade Wall x1 |
| 18:13 | UX · wall_segment Palisade Wall x17 |
| 18:19 | UX · wall_segment Palisade Wall x1 |
| 18:37 | RIONELL · age_up castle |
| 19:06 | UX · wall_segment Palisade Wall x1 |
| 19:47 | UX · first_building Stable |
| 20:15 | UX · age_up castle |
| 24:07 | RIONELL · first_building Monastery |
| 24:35 | RIONELL · first_building Siege Workshop |
| 26:52 | UX · first_building Siege Workshop |
| 28:30 | UX · first_building Monastery |
| 28:31 | RIONELL · first_market_sell 100 food |
| 32:04 | RIONELL · first_building Castle |
| 35:39 | UX · wall_segment Stone Wall x10 |
| 36:06 | UX · first_building Castle |
| 36:21 | RIONELL · first_market_buy 100 stone |
| 38:16 | UX · first_market_buy 100 wood |
| 40:37 | UX · age_up imperial |
| 41:21 | RIONELL · age_up imperial |
| 45:37 | RIONELL · first_building Archery Range |
| 50:48 | UX · first_market_sell 500 food |
| 52:02 | RIONELL · resign |
[ AI ANALYSIS · 1 CREDIT ]
What really happened in this match?
Wolo.gg analyzes every decision: build order, eco, micro, common mistakes by bracket. Personalized analysis on WhatsApp or Discord in 30 seconds.
Civ guide
Malians
Perfil
Jugador #209753